 Dungeon Crawl Stone Soup version 0.28.0 (webtiles) character file.

Game seed: 12507372028569170106

4588 browni3141 the Cleaver (level 10, -5/132 HPs)
             Began as a Minotaur Berserker on Feb 17, 2022.
             Was an Elder of Trog.
             Slain by an orc warrior (14 damage)
             ... on level 8 of the Dungeon.
             The game lasted 00:04:47 (6773 turns).

browni3141 the Cleaver (Minotaur Berserker)         Turns: 6773, Time: 00:04:48

Health: -5/132     AC: 12    Str: 27    XL:     10   Next: 18%
Magic:  9/9        EV:  8    Int:  4    God:    Trog [****..]
Gold:   1013       SH: 12    Dex:  9    Spells: 9/9 levels left

rFire   . . .      SeeInvis .   y - +3 war axe (freeze)
rCold   + . .      Faith    .   g - +2 kite shield
rNeg    . . .      Spirit   .   k - +0 chain mail
rPois   +          Reflect  .   (helmet restricted)
rElec   .          Harm     .   h - +0 cloak
rCorr   .          Rampage  .   (no gloves)
Will    ++...                   (no boots)
Stlth   ..........              (no amulet)
HPRegen 1.32/turn               P - ring of poison resistance {@f3}
MPRegen 0.11/turn               C - ring of protection from cold

@: berserking (expiring), strong-willed, regenerating, very quick
A: horns 2, retaliatory headbutt
a: Renounce Religion, Berserk, Trog's Hand, Brothers in Arms


You were on level 8 of the Dungeon.
You worshipped Trog.
Trog was greatly pleased with you.
You visited 1 branch of the dungeon, and saw 10 of its levels.
You also visited: Bailey.

You collected 1057 gold pieces.
You spent 44 gold pieces at shops.


Innate Abilities, Weirdness & Mutations

You have a pair of horns on your head.
You reflexively headbutt those who attack you in melee.


   Skills:
 + Level 8.1 Fighting
 * Level 11.1 Axes
 + Level 7.6 Armour
 - Level 2.1 Dodging
 * Level 10.1 Shields


You had 9 spell levels left.
You didn't know any spells.
Your spell library was empty.

Inventory:

Hand Weapons
 a - a +0 hand axe
 p - a +0 war axe
 y - a +3 war axe of freezing (weapon)
Missiles
 d - 4 curare-tipped darts (quivered) {@f4}
 G - a throwing net
Armour
 b - a +0 animal skin
 g - a +2 kite shield (worn)
 h - a +0 cloak (worn)
 i - the +1 robe of Vlad {Contam Rampage rElec Dex+6}
   (You found it on level 2 of the Dungeon)

   Dex:       It affects your dexterity (+6).
   rElec:     It insulates you from electricity.
   Contam:    It causes magical contamination when unequipped.
   Rampage:   It bestows one free step when moving towards enemies.
 k - a +0 chain mail (worn)
Jewellery
 c - a ring of ice
 r - an amulet of magic regeneration
 v - a ring of see invisible
 C - a ring of protection from cold (right hand)
 I - a +6 ring of intelligence
 L - a ring of flight
 P - a ring of poison resistance (left hand) {@f3}
Wands
 l - a wand of flame (14)
 t - a wand of acid (25)
 E - a wand of iceblast (16)
Scrolls
 e - 2 scrolls of enchant weapon
 j - 3 scrolls of noise {!r}
 m - 2 scrolls of brand weapon
 n - 3 scrolls of summoning
 o - a scroll of fear
 q - 4 scrolls of teleportation {unknown}
 B - 3 scrolls of immolation {unknown}
 D - a scroll of vulnerability {!r}
Potions
 f - 8 potions of curing {unknown}
 s - a potion of haste {unknown}
 u - 2 potions of flight {unknown}
 w - 2 potions of degeneration {unknown}
 x - 4 potions of attraction {unknown}
 z - 2 potions of lignification {unknown}
 A - a potion of magic {unknown}
 F - a potion of mutation {unknown}

Dungeon Overview and Level Annotations

Branches:
Dungeon (10/15)            Temple (0/1) D:4          Bailey (visited)
   Lair: D:8-11         Orc: D:9-12

Altars:
Cheibriados
Vehumet

Shops:
D:9

* ..¦ .¦ ¦¦ ¦¦.¦. #.# #.¦¦..¦ ..
...¦.##.##### #...¦ ¦¦ .
..¦...>.....## ..¦..¦ ¦.¦ .¦¦¦..
¦.........# ..¦ ¦.¦ ¦.. ¦...¦
¦.......... #.¦ ¦..¦.¦
¦.¦¦††.¦¦.¦.<........ #.¦ ¦..¦
¦..).¦5...¦..#.#####.
#.¦¦¦¦¦.¦¦¦¦¦¦¦¦¦o¦¦¦¦¦..#†# #.
#.....(.........@..........# ##
##.#.##.....#..##########..### #
##...##.).....# ##...# #
.....##.)(..### #.#.# #
..8...#..)..# #...####
......#.....### ##....##
......#.......### #..#>.#
....8...........### ##.##..
.....##......##...##########.#...


You could see an orc warrior and a white imp.


Message History

You block the centaur's attack.
The centaur kicks you but does no damage.
You hit the centaur. You freeze the centaur.
You kill the centaur!
Trog accepts your kill.
You feel sick.
You are too injured to fight recklessly!
You are too injured to fight recklessly!
You are too injured to fight recklessly!
You feel sick.
You are no longer poisoned.
The orc warrior barely misses you.
A white imp comes into view.
Things that are here:
a +0 shortbow; 15 arrows {@f2} You slash the orc warrior!
You freeze the orc warrior.
The orc warrior is severely wounded.
You barely miss the white imp.
The orc warrior hits you with a +0 glaive!
* * * LOW HITPOINT WARNING * * *
The white imp hits you.
* * * LOW HITPOINT WARNING * * *
The white imp freezes you. You resist.
* * * LOW HITPOINT WARNING * * *
You barely miss the orc warrior. You headbutt the orc warrior.
The orc warrior is almost dead.
You barely miss the orc warrior.
The orc warrior is almost dead.
The orc warrior hits you with a +0 glaive!
You die...

Skill      XL: |  1  2  3  4  5  6  7  8  9 10 |
---------------+-------------------------------+-----
Axes           | 4 5 6 7 9 10 11 | 11.1
Fighting       | 4 5 7 8 |  8.1
Armour         | 3 4 5 6 7 |  7.6
Shields        | 1 3 4 5 8 9 10 | 10.1
Dodging        | |  2.1

Action                   |  1- 3 |  4- 6 |  7- 9 | 10-12 || total
-------------------------+-------+-------+-------+-------++-------
Melee: Hand axe          |    56 |    45 |       |       ||   101
       Headbutt          |     5 |    11 |    38 |     5 ||    59
       War axe           |       |    53 |   200 |    18 ||   271
Invok: Berserk           |       |     3 |     6 |     1 ||    10
       Trog's Hand       |       |     1 |     1 |     1 ||     3
Evoke: Wand              |       |       |     2 |       ||     2
  Use: Potion            |       |       |     1 |       ||     1
       Scroll            |       |       |     6 |       ||     6
 Stab: Invisible         |       |       |     1 |       ||     1
Armor: Animal skin       |    10 |     1 |       |       ||    11
       Chain mail        |       |    41 |   108 |    10 ||   159
Dodge: Dodged            |    34 |    37 |    77 |     5 ||   153
Block: Kite shield       |     6 |    48 |   128 |    16 ||   198

Levels and vault maps discovered:
D:1:      dpeg_arrival_tiny_g, layout_rooms,
          hellmonk_ecumenical_altar_pennies_from_heaven
D:2:      layout_loops_ring, basic_altar, chequers_arboretum,
          uniq_crazy_yiuf_cottage
D:3:      layout_rooms, uniq_sigmund
D:4:      layout_layer_cave, minmay_temple_entry_statues, uniq_eustachio
D:5:      layout_loops_ring, minmay_tree_intersection, eino_curves_02
D:6:      layout_basic
D:7:      layout_gridville
D:8:      layout_rooms, fiery_altar_vehumet, enter_bailey_6,
          minmay_large_rounded_square, minmay_the_grid_2x2
          [minmay_the_grid_square_x, minmay_the_grid_all_tris,
          minmay_the_grid_plusring,
          minmay_the_grid_prize_four_corners_diamond_b], uniq_harold, uniq_erica
D:9:      layout_basic, grunt_temple_overflow_forces_of_nature, minitemple,
          erik_lair_island, serial_shops, shop
D:10:     layout_roguey, mainiacjoe_overflow_catch_the_wave,
          mainiacjoe_overflow_large_starburst

Notes
Turn   | Place    | Note
-------+----------+-------------------------------------------
     0 | D:1      | browni3141 the Minotaur Berserker began the quest for the
                  | Orb.
     0 | D:1      | Reached XP level 1. HP: 19/19 MP: 0/0
   197 | D:1      | Reached skill level 4 in Axes
   199 | D:1      | Reached XP level 2. HP: 18/27 MP: 1/1
   358 | D:1      | Found a faded altar of an unknown god.
   499 | D:1      | Reached skill level 4 in Fighting
   760 | D:2      | Found a runed translucent door.
   761 | D:2      | Noticed Crazy Yiuf
   941 | D:2      | Found a snail-covered altar of Cheibriados.
  1069 | D:2      | Reached skill level 3 in Armour
  1069 | D:2      | Reached XP level 3. HP: 28/33 MP: 2/2
  1173 | D:2      | Reached ** piety under Trog
  1399 | D:2      | Killed Crazy Yiuf
  1400 | D:2      | Reached skill level 1 in Shields
  1487 | D:2      | Identified the +1 robe of Vlad {Contam Rampage rElec Dex+6}
  1516 | D:3      | Reached XP level 4. HP: 40/40 MP: 3/3
  1832 | D:3      | Noticed Sigmund
  1846 | D:3      | Reached skill level 5 in Axes
  1846 | D:3      | Reached skill level 2 in Shields
  1846 | D:3      | Killed Sigmund
  1847 | D:3      | Reached skill level 3 in Shields
  1847 | D:3      | Reached XP level 5. HP: 47/47 MP: 4/4
  2178 | D:4      | Reached XP level 6. HP: 53/53 MP: 5/5
  2305 | D:4      | Reached skill level 5 in Fighting
  2305 | D:4      | Reached skill level 6 in Axes
  2305 | D:4      | Reached skill level 4 in Armour
  2396 | D:4      | Reached skill level 4 in Shields
  2963 | D:4      | Reached *** piety under Trog
  2964 | D:4      | Reached XP level 7. HP: 58/61 MP: 6/6
  3157 | D:4      | Found a staircase to the Ecumenical Temple.
  3178 | D:4      | Noticed Eustachio
  3197 | D:4      | Killed Eustachio
  3198 | D:4      | Reached skill level 5 in Shields
  3379 | D:5      | Entered Level 5 of the Dungeon
  3394 | D:5      | Reached skill level 7 in Axes
  3532 | D:5      | Reached skill level 5 in Armour
  3912 | D:5      | Reached XP level 8. HP: 70/70 MP: 7/7
  4121 | D:6      | Reached skill level 6 in Shields
  4136 | D:6      | Reached skill level 6 in Fighting
  4322 | D:6      | Reached skill level 8 in Axes
  4430 | D:6      | Reached skill level 7 in Shields
  4867 | D:7      | Noticed an eight-headed hydra
  4877 | D:7      | Killed a 12-headed hydra
  4878 | D:7      | Reached skill level 7 in Fighting
  4878 | D:7      | Reached skill level 9 in Axes
  4878 | D:7      | Reached skill level 6 in Armour
  4878 | D:7      | Reached skill level 8 in Shields
  4878 | D:7      | Reached XP level 9. HP: 14/79 MP: 8/8
  5716 | D:8      | Found a flagged portal.
  5732 | D:8      | You fall into a shaft and drop 2 floors!
  5732 | D:10     | Entered Level 10 of the Dungeon
  5746 | D:9      | Found Wuqiquat's General Store.
  5753 | D:9      | Bought 2 scrolls of identify for 44 gold pieces
  5767 | D:8      | Found a radiant altar of Vehumet.
  5807 | Bailey   | Entered a bailey
  5879 | Bailey   | Reached **** piety under Trog
  5920 | Bailey   | Reached skill level 10 in Axes
  5929 | Bailey   | Reached skill level 9 in Shields
  6213 | Bailey   | Identified the +9 shortbow of Chagrin {freeze, Int+3}
  6217 | Bailey   | Noticed an orc knight
  6225 | Bailey   | Killed an orc knight
  6226 | Bailey   | Reached skill level 7 in Armour
  6232 | Bailey   | Found a bloodstained altar of Trog.
  6595 | D:8      | Reached XP level 10. HP: 83/88 MP: 9/9
  6754 | D:8      | Noticed Erica
  6761 | D:8      | Killed Erica
  6762 | D:8      | Reached skill level 8 in Fighting
  6762 | D:8      | Reached skill level 11 in Axes
  6762 | D:8      | Reached skill level 10 in Shields
  6770 | D:8      | HP: 11/132 [orc warrior (9)]
  6773 | D:8      | Slain by an orc warrior

Vanquished Creatures
  A hydra (D:7)
  An orc knight (Bailey)
  Sigmund (D:3)
  A shadow (D:6)
  A wyvern (D:8)
  Eustachio (D:4)
  A steam dragon (D:8)
  A water moccasin (D:8)
  3 orc warriors (Bailey)
  A sky beast (D:8)
  A black bear (D:5)
  2 necrophages
  An ogre (D:5)
  A centaur (D:8)
  6 kobold brigands
  A gnoll sergeant (D:8)
  A bullfrog (D:7)
  A scorpion (D:6)
  4 wights (D:6)
  A howler monkey (D:8)
  A bullfrog zombie (D:6)
  3 centaur zombies
  A hound (D:6)
  A bullfrog skeleton (D:6)
  2 jellies
  A gnoll shaman (D:4)
  3 orc priests
  Crazy Yiuf (D:2)
  A centaur skeleton (D:5)
  An iguana (D:7)
  5 orc wizards
  A killer bee zombie (D:8)
  12 gnolls
  A howler monkey skeleton (D:4)
  6 adders
  2 white imps
  An ufetubus (D:5)
  A worm (D:4)
  6 dart slugs
  17 orcs
  8 ball pythons
  2 bats
  4 endoplasms
  2 giant cockroaches
  5 goblins
  4 hobgoblins
  2 quokkas
  3 frilled lizards
  15 kobolds
  8 rats
151 creatures vanquished.

Vanquished Creatures (others)
  Erica (D:8)
  A fungus (D:2)
2 creatures vanquished.

Grand Total: 153 creatures vanquished

Table legend: (Time is in decaauts)
 A = Elapsed time spent in this place.
 B = Non-inter-level travel time spent in this place.
 C = Inter-level travel time spent in this place.
 D = Time resting spent in this place.
 E = Time spent auto-exploring this place.
 F = Levels seen in this place.
 G = Mean time per level.
                   A        B        C        D        E       F      G
               +--------+--------+--------+--------+--------+-----+--------+
         Total |   6929 |   6714 |    215 |    847 |   4640 |  11 |  629.9 |
       Dungeon |   6275 |   6060 |    215 |    471 |   4445 |  10 |  627.5 |
        Bailey |    653 |    653 |      0 |    376 |    194 |   1 |  653.0 |
               +--------+--------+--------+--------+--------+-----+--------+

Top non-repeatable levels by time:
     D:4: 1337 daAuts
     D:7: 929 daAuts
     D:2: 926 daAuts
     D:5: 699 daAuts
     D:6: 679 daAuts
  Bailey: 653 daAuts
     D:3: 616 daAuts
     D:1: 592 daAuts
     D:8: 460 daAuts
     D:9: 30 daAuts
    D:10: 3 daAuts

Table legend:
 A = Non-vault XP
 B = Vault XP
 C = Vault XP percentage of total XP
 D = Non-vault monster count
 E = Vault monster count
 F = Vault count percentage of total count
                 A         B        C        D         E       F
            +---------+---------+-------+---------+---------+-------
      Total |    3666 |    2889 |  44.1 |     126 |      26 |  17.1
            +---------+---------+-------+---------+---------+-------
        D:1 |      30 |       0 |   0.0 |      17 |       0 |   0.0
        D:2 |      19 |      39 |  67.2 |      11 |       1 |   8.3
        D:3 |      63 |     220 |  77.7 |      16 |       1 |   5.9
        D:4 |     479 |     182 |  27.5 |      29 |       1 |   3.3
        D:5 |     431 |       0 |   0.0 |       8 |       0 |   0.0
        D:6 |     803 |       0 |   0.0 |      16 |       0 |   0.0
        D:7 |    1204 |       0 |   0.0 |      15 |       0 |   0.0
        D:8 |     637 |     919 |  59.1 |      14 |       7 |  33.3
     Bailey |       0 |    1529 | 100.0 |       0 |      16 | 100.0
            +---------+---------+-------+---------+---------+-------
